 Dungeon Crawl Stone Soup version 0.31-a0-1376-g36f0627844 (webtiles) character file.

Game seed: 15927216556521734412

18 Jannitor the Trooper (level 2, 0/33 HPs)
             Began as an Oni Delver on Dec 24, 2023.
             Slain by an adder (1 damage)
             ... on level 2 of the Dungeon.
             The game lasted 00:00:41 (229 turns).

Jannitor the Trooper (Oni Delver)                    Turns: 229, Time: 00:00:42

Health: 0/33       AC:  3    Str: 15    XL:     2   Next: 70%
Magic:  2/2        EV: 10    Int: 11    God:
Gold:   25         SH:  0    Dex: 10    Spells: 1/1 levels left

rFire   . . .        f - +2 spear (heavy)
rCold   . . .        (no shield)
rNeg    . . .        b - +0 robe
rPois   .            (helmet restricted)
rElec   .            (no cloak)
rCorr   .            (gloves unavailable)
SInv    .            (boots unavailable)
Will    .....        (no amulet)
Stlth   ++           (no ring)
HPRegen 0.25/turn    (no ring)
MPRegen 0.08/turn

%: no passive effects
@: no status effects
A: large, unfitting armour, horns 1, tough skin 1, double potion healing,
drunken brawling
a: no special abilities


You were on level 2 of the Dungeon.
You visited 1 branch of the dungeon, and saw 4 of its levels.

You collected 25 gold pieces.

Inventory:

Hand Weapons
 a - a +0 mace
 f - a +2 heavy spear (weapon)
Armour
 b - a +0 robe (worn)
Wands
 g - a wand of digging (3)
Scrolls
 c - a scroll of fog
 e - a scroll of fear
 h - a scroll of teleportation {unknown}
Potions
 d - a potion of heal wounds {unknown}


   Skills:
 + Level 4.3 Fighting
 + Level 2.3 Maces & Flails
 + Level 2.1 Dodging
 + Level 3.8 Stealth


You had one spell level left.
You didn't know any spells.
Your spell library contained the following spells:

 Spells                   Type           Power      Damage    Failure   Level
 Summon Ice Beast         Ice/Summ       0%         N/A       98%         4
 Summon Mana Viper        Hex/Summ       0%         N/A       100%        5
 Monstrous Menagerie      Summ           0%         N/A       100%        7


Dungeon Overview and Level Annotations

Branches:
Dungeon (5/15)
 Temple: D:4-7

Altars:
Zin


Innate Abilities, Weirdness & Mutations

You are too large for most types of armour.
You have a pair of small horns on your head.
You have tough skin. (AC +1)
You gain doubled healing and magic from potions.
Whenever you drink a healing potion, you attack all around you.


Message History

You hit the adder.
You kill the adder!
You feel very sick. The adder bites you.
You are more poisoned.
The adder poisons you!
You closely miss the adder. You headbutt the adder.
The adder is heavily wounded.
You feel very sick. The adder closely misses you. The adder bites you.
You are more poisoned.
The adder poisons you!
You hit the adder but do no damage.
The adder is heavily wounded.
You feel very sick. The adder misses you. The adder completely misses you.
You barely miss the adder.
The adder is heavily wounded.
You feel very sick. The adder bites you but does no damage.
The adder bites you.
You are too injured to fight recklessly!
You barely miss the adder.
The adder is heavily wounded.
You feel sick. The adder closely misses you. x2
You closely miss the adder.
The adder is moderately wounded.
You feel sick. The adder closely misses you. The adder bites you.
* * * LOW HITPOINT WARNING * * *
You hit the adder.
The adder is almost dead.
You feel sick. The adder barely misses you. The adder misses you.
The adder barely misses you.
You barely miss the adder. Your headbutt misses the adder.
The adder is almost dead.
You feel sick.
You are no longer poisoned.
The adder bites you.
* * * LOW HITPOINT WARNING * * *
The adder bites you.
You die...

##+#######
#........###..
#.......).....
#........###..
#........###...
#......@S......
#......[.........
#................
#................
#................
#...............#
.........#######
........#


You could see an adder.

Vanquished Creatures
  An adder (D:2)
  An orc (D:5)
  An endoplasm (D:2)
  2 goblins (D:3)
  A quokka (D:2)
  A bat (D:3)
  2 kobolds
9 creatures vanquished.

Notes
Turn   | Place    | Note
-------+----------+-------------------------------------------
     0 | D:5      | Jannitor the Oni Delver began the quest for the Orb.
     0 | D:5      | Reached XP level 1. HP: 24/24 MP: 1/1
     7 | D:5      | Noticed a hound
    13 | D:5      | Noticed an orc wizard
    23 | D:5      | Noticed a gnoll bouda
    99 | D:3      | Found a glowing silver altar of Zin.
   196 | D:2      | Reached XP level 2. HP: 32/32 MP: 2/2
   229 | D:2      | HP: 1/33 [adder (3)]
   229 | D:2      | Slain by an adder

Illustrated notes

Levels and vault maps discovered:
D:2:      layout_basic, serial_shops, shop
D:3:      layout_loops_ring, old_standard_altar
D:4:      layout_basic, nicolae_gozag_zags_fifth_avenue,
          minmay_temple_entry_nine_rooms, chequers_serial_rivers_room_b
D:5:      layout_rooms, mainiacjoe_overflow_concentric_impassable, minivault_11,
          chequers_serial_rivers_small_3, serial_bayou_pond_b

Skill      XL: |  1 |
---------------+----+-----
Dodging        | 2 |  2.1
Fighting       | |  4.3
Maces & Flails | |  2.3
Stealth        | |  3.8

Action                     || total
---------------------------++-------
  Melee: Spear             ||    19
         Mace              ||     3
         Headbutt          ||     1
    Use: Scroll            ||     1
         Potion            ||     1
   Stab: Sleeping          ||     3
 Armour: Robe              ||    11
  Dodge: Dodged            ||    12

Table legend: (Time is in decaauts)
 A = Elapsed time spent in this place.
 B = Non-inter-level travel time spent in this place.
 C = Inter-level travel time spent in this place.
 D = Time resting spent in this place.
 E = Time spent auto-exploring this place.
 F = Levels seen in this place.
 G = Mean time per level.
                   A        B        C        D        E       F      G
               +--------+--------+--------+--------+--------+-----+--------+
         Total |    225 |    225 |      0 |     15 |    107 |   4 |   56.2 |
       Dungeon |    225 |    225 |      0 |     15 |    107 |   4 |   56.2 |
               +--------+--------+--------+--------+--------+-----+--------+

Top non-repeatable levels by time:
     D:3: 126 daAuts
     D:2: 44 daAuts
     D:5: 38 daAuts
     D:4: 16 daAuts
